Map: Invader LE

Players

blackxored - Winner!

  • Race: Zerg Zerg
  • League: Platinum

HyenA

  • Race: Zerg Zerg
  • League: Platinum

VOD

Have the link to the VOD?

Description

Time

  • Played on: June 29, 2016, 3:14 p.m.
  • Length: 12:38
Show
View Real Time Build Order
Export as new Build Order

blackxored Zerg - Winner!

Build Orders: Hatch First, Muta Ling Bane 

Get SALT Encoding   

  12  0:01  Drone  
  13  0:09  Drone  
  14  0:18  Overlord  
  14  0:23  Extractor  
  14  0:24  Drone  
  15  0:38  Drone x2  
  17  0:54  Hatchery  
  16  0:58  Drone  
  16  1:01  Drone  
  18  1:12  Extractor  
  18  1:16  Spawning Pool  
  16  1:20  Drone  
  16  1:21  Drone  
  18  1:28  Drone  
  19  1:39  Overlord  
  19  1:54  Drone  
  20  2:04  Zergling x2  
  20  2:05  Queen  
  20  2:06  Queen  
  20  2:07  Zergling x2  
  26  2:11  Zergling x2  
  27  2:25  Drone x2  
  29  2:32  Hatchery  
  28  2:42  Baneling Nest, Drone  
  28  2:49  Queen  
  30  2:54  Zergling x2  
  31  3:00  Drone x2  
  33  3:11  Drone x3  
  36  3:13  Overlord  
  36  3:21  Overlord  
  36  3:28  Baneling x2  
  36  3:30  Metabolic Boost  
  36  3:35  Drone x3  
  36  3:36  Drone  
  39  3:47  Zergling x4  
  39  3:48  Zergling x4  
  43  3:54  Spine Crawler  
  42  3:57  Zergling x6  
  42  4:00  Baneling x2  
  45  4:07  Queen  
  47  4:37  Drone x4  
  47  4:38  Drone x6  
  55  4:39  Drone  
  55  4:41  Lair  
  57  4:56  Extractor  
  57  4:57  Extractor x2, Drone x2  
  57  4:58  Drone  
  57  4:59  Drone  
  58  5:02  Overlord x4  
  58  5:21  Zergling x6  
  58  5:22  Zergling x8  
  62  5:53  Baneling x3  
  62  5:57  Baneling x2  
  61  5:59  Drone x3  
  61  6:01  Spire, Drone  
  61  6:02  Drone x3  
  65  6:15  Queen  
  67  6:23  Overlord x2  
  67  6:24  Overlord x3  
  67  6:25  Overseer  
  67  6:33  Drone x4  
  67  6:34  Extractor  
  67  6:39  Drone x2  
  72  6:41  Extractor  
  71  7:02  Drone x2  
  71  7:03  Drone x5  
  71  7:06  Hatchery  
  71  7:07  Drone x2  
  79  7:18  Mutalisk x5  
  79  7:19  Mutalisk x2  
  93  7:33  Drone  
  93  7:34  Drone x5  
  99  7:39  Evolution Chamber  
  99  7:40  Evolution Chamber  
  99  7:41  Infestation Pit  
  96  7:51  Queen  
  96  7:52  Drone x2  
  96  7:55  Overlord x4  
  100  8:09  Zerg Melee Weapons Level 1, Zerg Ground Armor Level 1  
  100  8:17  Overseer  
  100  8:24  Hive  
  100  8:26  Drone x8  
  100  8:27  Drone x6  
  114  8:48  Drone x2  
  116  8:49  Drone  
  117  9:07  Zergling x2  
  117  9:08  Zergling x22  
  129  9:12  Centrifical Hooks  
  129  9:21  Overlord x2  
  129  9:29  Zergling x6  
  129  9:30  Zergling x8  
  129  10:09  Ultralisk Cavern  
  124  10:20  Mutalisk  
  121  10:23  Extractor  
  121  10:24  Extractor  
  109  10:39  Hatchery  
  109  10:42  Queen  
  108  10:45  Extractor  
  108  10:46  Extractor  
  108  10:48  Queen  
  110  10:59  Chitinous Plating  
  110  11:01  Ultralisk x7  
  110  11:02  Ultralisk  
  110  11:03  Overlord x4  
  110  11:04  Overlord x2  
  158  11:22  Ultralisk x4  
  158  11:23  Zergling x4  
  158  11:24  Zergling x14  
  184  12:14  Overseer x2  
Show
View Real Time Build Order
Export as new Build Order

HyenA Zerg 

Build Orders: Hatch First 

Get SALT Encoding   

  12  0:01  Drone  
  13  0:13  Overlord  
  13  0:17  Drone  
  14  0:32  Drone  
  14  0:34  Drone  
  16  0:46  Drone  
  17  0:53  Hatchery  
  16  1:03  Drone  
  17  1:06  Extractor, Drone  
  17  1:26  Drone, Spawning Pool  
  17  1:32  Drone  
  18  1:44  Overlord  
  18  2:12  Metabolic Boost, Queen  
  18  2:13  Queen  
  18  2:14  Zergling x4  
  25  2:15  Zergling x2  
  24  2:31  Drone  
  24  2:32  Baneling Nest, Drone  
  25  2:41  Drone  
  27  2:44  Drone  
  27  2:45  Drone  
  28  2:52  Drone x2  
  30  3:04  Overlord  
  30  3:05  Overlord  
  30  3:23  Hatchery  
  30  3:27  Drone x2  
  31  3:48  Queen  
  33  3:49  Drone x4  
  33  3:50  Drone  
  38  4:00  Lair  
  38  4:04  Roach Warren  
  38  4:07  Drone  
  38  4:08  Drone  
  39  4:14  Drone x2  
  41  4:27  Zergling x6  
  43  4:36  Drone x3  
  43  4:37  Extractor, Drone x5  
  50  4:42  Pneumatized Carapace  
  50  4:47  Queen  
  51  5:04  Glial Reconstitution, Extractor  
  51  5:05  Overlord x3, Extractor  
  49  5:16  Drone x2  
  49  5:17  Drone x3  
  52  5:31  Zergling x18  
  55  5:53  Baneling x2  
  54  6:07  Drone x3  
  54  6:08  Drone x3, Evolution Chamber  
  59  6:27  Overlord x5  
  59  6:30  Hatchery  
  58  6:41  Zerg Missile Weapons Level 1  
  58  6:42  Roach x6  
  70  6:52  Roach  
  70  6:53  Roach x2  
  76  7:04  Ravager  
  76  7:05  Ravager x3  
  76  7:07  Roach x4  
  76  7:08  Roach x2  
  92  7:23  Roach x3  
  98  7:32  Spore Crawler  
  98  7:33  Spore Crawler  
  96  7:40  Hydralisk Den  
  96  7:43  Queen, Drone  
  98  7:44  Drone x8  
  106  7:55  Spore Crawler  
  105  7:59  Spore Crawler  
  105  8:00  Spore Crawler  
  105  8:04  Spore Crawler  
  102  8:09  Hydralisk x2  
  102  8:12  Overlord x3  
  106  8:17  Overlord  
  106  8:19  Overlord  
  106  8:29  Overlord x3  
  106  8:35  Zerg Ground Armor Level 1  
  106  8:38  Muscular Augments  
  106  8:41  Drone x2  
  106  8:42  Drone  
  103  9:00  Hydralisk x3  
  103  9:01  Hydralisk x2  
  109  9:17  Hydralisk x4  
  117  9:40  Drone  
  117  9:41  Drone x12  
  130  9:48  Hydralisk x2  
  134  9:54  Spore Crawler  
  98  10:23  Drone, Spore Crawler  
  98  10:24  Drone x12  
  109  10:40  Hydralisk x3  
  115  10:50  Drone x4  
  119  11:00  Roach x5  
  129  11:07  Extractor, Queen  
  115  11:27  Drone  
  115  11:28  Drone x10  
  126  11:40  Queen  
  126  11:45  Drone x4  
  132  11:58  Drone  
  132  11:59  Drone x2  
  135  12:10  Roach x3  
Tags
 
Add a new tag
Caveats
  • Supply blocks, unpowered buildings, or Contaminate may cause inaccurate times.
  • Supply counts are checked every 10 seconds.